 Dungeon Crawl Stone Soup version 0.28.0-45-g0d030f2227 (webtiles) character file.

Game seed: 7402885952640204654

0 Ablot the Grasshopper (level 1, 0/20 HPs)
             Began as a Gnoll Warper on Apr 4, 2022.
             Slain by Terence
             ... wielding a +0 trident
              (7 damage)
             ... on level 2 of the Dungeon.
             The game lasted 00:00:43 (266 turns).

Ablot the Grasshopper (Gnoll Warper)                 Turns: 266, Time: 00:00:44

Health: 0/20       AC:  3    Str: 10    XL:     1   Next: 10%
Magic:  6/6        EV: 12    Int: 12    God:
Gold:   7          SH:  0    Dex: 11    Spells: 9/9 levels left

rFire   . . .      SeeInvis .   a - +0 spear
rCold   . . .      Faith    .   (no shield)
rNeg    . . .      Spirit   .   b - +0 leather armour
rPois   .          Reflect  .   (no helmet)
rElec   .          Harm     .   (no cloak)
rCorr   .          Rampage  .   (no gloves)
Will    .....                   (no boots)
Stlth   +.........              (no amulet)
HPRegen 0.06/turn               (no ring)
MPRegen 0.10/turn               (no ring)

@: no status effects
A: fangs 1, strong nose, distributed training
a: no special abilities


You were on level 2 of the Dungeon.
You visited 1 branch of the dungeon, and saw 2 of its levels.

You collected 7 gold pieces.

Inventory:

Hand Weapons
 a - a +0 spear (weapon)
Missiles
 d - 5 boomerangs of dispersal (quivered)
 e - 17 bolts
 g - 14 arrows
Armour
 b - a +0 leather armour (worn)
Jewellery
 h - a ring of willpower
Scrolls
 c - a scroll of blinking
 i - a scroll of immolation {unknown}
Potions
 f - a potion of heal wounds {unknown}


   Skills:
 + Level 4.4 Fighting
 + Level 0.0 Short Blades
 + Level 0.0 Long Blades
 + Level 0.0 Axes
 + Level 0.0 Maces & Flails
 + Level 4.4 Polearms
 + Level 0.0 Staves
 + Level 0.0 Slings
 + Level 0.0 Bows
 + Level 0.0 Crossbows
 + Level 2.3 Throwing
 + Level 2.3 Armour
 + Level 4.4 Dodging
 + Level 0.0 Stealth
 + Level 0.0 Shields
 + Level 0.0 Unarmed Combat
 + Level 4.8 Spellcasting
 + Level 0.0 Conjurations
 + Level 0.0 Hexes
 + Level 0.0 Summonings
 + Level 0.0 Necromancy
 + Level 5.3 Translocations
 + Level 0.0 Transmutations
 + Level 0.0 Fire Magic
 + Level 0.0 Ice Magic
 + Level 0.0 Air Magic
 + Level 0.0 Earth Magic
 + Level 0.0 Poison Magic
 + Level 0.0 Invocations
 + Level 0.0 Evocations


You had 9 spell levels left.
You didn't know any spells.
Your spell library contained the following spells:

 Spells                   Type           Power      Damage    Failure   Level
 Blink                    Tloc           30%        N/A       4%          2
 Gell's Gravitas          Tloc           15%        N/A       9%          3
 Lesser Beckoning         Tloc           15%        N/A       9%          3
 Teleport Other           Tloc           15%        N/A       9%          3
 Animate Skeleton         Necr           4%         N/A       26%         1
 Pain                     Necr           8%         1d4       26%         1
 Vampiric Draining        Necr           2%         2d6       63%         3
 Manifold Assault         Tloc           15%        N/A       63%         5


Dungeon Overview and Level Annotations

Branches:
Dungeon (1/15)

Altars:

Annotations:
D:2 Terence


Innate Abilities, Weirdness & Mutations

You have very sharp teeth.
Your uncanny sense of smell can sniff out nearby items.
Your experience applies equally to all skills.


Message History

The bat misses you. The bat closely misses you.
Found a robe.
The bat barely misses you. The bat barely misses you.
The bat hits you but does no damage. The bat barely misses you.
Found a scroll labelled EDARUI POAKK.
The bat hits you but does no damage. The bat barely misses you.
You see here a scroll labelled EDARUI POAKK.
i - a scroll labelled EDARUI POAKK The bat hits you but does no damage.
The bat barely misses you. The bat hits you but does no damage.
The bat hits you but does no damage.
Found 16 gold pieces.
The bat barely misses you. The bat barely misses you. The bat misses you.
The bat misses you. The bat hits you but does no damage.
Terence asks, "Do you want it fast or slow?"
The bat closely misses you. The bat barely misses you.
The bat hits you but does no damage.
You see here 16 gold pieces.
You barely miss the bat. The bat barely misses you.
The bat hits you but does no damage. The bat misses you. The bat hits you.
* * * LOW HITPOINT WARNING * * *
Terence screams, "I want your blood!" The bat hits you but does no damage.
Terence says, "Time to say good-bye..."
The bat completely misses you.
You hit the bat.
The bat is heavily wounded.
The bat barely misses you.
You hit the bat but do no damage.
The bat is heavily wounded.
The bat hits you but does no damage. Terence barely misses you.
The bat barely misses you. The bat hits you but does no damage.
Terence hits you from afar with a +0 trident!
You die...

#.# #.# #.# # #.# # .
#.# #[# #.# #.# #b#
##... ##@## #######.#
# #...#####.......# #
#.#.#.@..$..#####.###
#...................
#.###################
##


You could see Terence and a bat.

Vanquished Creatures
  A bat (D:2)
1 creature vanquished.

Notes
Turn   | Place    | Note
-------+----------+-------------------------------------------
     0 | D:1      | Ablot the Gnoll Warper began the quest for the Orb.
     0 | D:1      | Reached XP level 1. HP: 20/20 MP: 6/6
   111 | D:1      | You fall into a shaft and drop 1 floor!
   111 | D:2      | Noticed Terence
   266 | D:2      | Slain by Terence

Illustrated notes

Levels and vault maps discovered:
D:1:      ldierk_water_garden, layout_rooms
D:2:      layout_loops_ring, minmay_hexomino_p4, uniq_terence

Action                   || total
-------------------------++-------
Melee: Spear             ||     7
Armor: Leather armour    ||    83
Dodge: Dodged            ||   120
